 Dungeon Crawl Stone Soup version 0.28-a0-1395-g4f6bc678fa (webtiles) character file.

Game seed: 3890241812934401368

1450 eustatius the Covered (level 8, -12/67 HPs)
             Began as a Gnoll Wanderer on Jan 4, 2022.
             Was a Follower of Nemelex Xobeh.
             Mangled by a two-headed ogre (30 damage)
             ... on level 6 of the Dungeon on Jan 5, 2022.
             The game lasted 00:32:15 (7045 turns).

eustatius the Covered (Gnoll Wanderer)              Turns: 7045, Time: 00:32:16

Health: -12/67     AC: 14    Str: 15    XL:     8   Next: 75%
Magic:  13/13      EV:  6    Int:  8    God:    Nemelex Xobeh [*.....]
Gold:   366        SH:  0    Dex: 14    Spells: 14/14 levels left

rFire   . . .      SeeInvis .   o - +2 dagger (venom)
rCold   . . .      Faith    .   (no shield)
rNeg    . . .      Spirit   .   A - +0 plate armour
rPois   .          Reflect  .   (no helmet)
rElec   .          Harm     .   h - +0 cloak
rCorr   .          Rampage  .   (no gloves)
Will    .....                   (no boots)
Stlth   ..........              (no amulet)
HPRegen 0.21/turn               (no ring)
MPRegen 0.13/turn               (no ring)

@: no status effects
A: fangs 1, strong nose, distributed training
a: Renounce Religion, Draw Escape, Draw Destruction, Draw Summoning


You were on level 6 of the Dungeon.
You worshipped Nemelex Xobeh.
Nemelex Xobeh was aware of your devotion.
You visited 2 branches of the dungeon, and saw 7 of its levels.

You collected 366 gold pieces.

Inventory:

Hand Weapons
 a - a +0 club
 e - a +3 dagger
 f - a +0 hunting sling
 o - a +2 dagger of venom (weapon)
 s - a +0 dagger of speed
 C - a +1 mace of draining
Armour
 d - a +2 scale mail
 h - a +0 cloak (worn)
 A - a +0 plate armour (worn)
 F - the +3 ring mail of Ziasom {Int+4}
   (You found it on level 5 of the Dungeon)

   Int:       It affects your intelligence (+4).
Wands
 n - a wand of digging (4)
Scrolls
 b - 3 scrolls of teleportation
 g - 2 scrolls of silence {unknown}
 j - a scroll of enchant weapon {unknown}
 l - 2 scrolls of blinking {unknown}
 p - a scroll of immolation {unknown}
 q - a scroll of noise {unknown}
 r - a scroll of torment {unknown}
 v - 4 scrolls of identify {unknown}
 x - a scroll of acquirement {unknown}
 y - a scroll of enchant armour {unknown}
 B - a scroll of amnesia {unknown}
 D - a scroll of magic mapping {unknown}
 E - a scroll of vulnerability {unknown}
 G - a scroll of holy word {unknown}
Potions
 c - a potion of lignification
 i - a potion of haste {unknown}
 k - 2 potions of curing {unknown}
 m - 3 potions of might {unknown}
 t - a potion of berserk rage {unknown}
 u - 2 potions of attraction {unknown}
 w - a potion of invisibility {unknown}
 z - 3 potions of heal wounds {unknown}
 H - a potion of cancellation {unknown}


   Skills:
 + Level 7.5 Fighting
 + Level 3.5 Short Blades
 + Level 3.5 Long Blades
 + Level 3.5 Axes
 + Level 3.5 Maces & Flails
 + Level 3.5 Polearms
 + Level 3.5 Staves
 + Level 3.5 Slings
 + Level 3.5 Bows
 + Level 3.5 Crossbows
 + Level 3.5 Throwing
 + Level 7.5 Armour
 + Level 4.4 Dodging
 + Level 3.5 Stealth
 + Level 3.5 Shields
 + Level 5.8 Unarmed Combat
 + Level 3.5 Spellcasting
 + Level 2.9 Conjurations
 + Level 2.9 Hexes
 + Level 2.9 Summonings
 + Level 2.9 Necromancy
 + Level 2.9 Translocations
 + Level 2.9 Transmutations
 + Level 2.9 Fire Magic
 + Level 2.9 Ice Magic
 + Level 2.9 Air Magic
 + Level 2.9 Earth Magic
 + Level 2.9 Poison Magic
 + Level 3.9 Invocations
 + Level 4.4 Evocations


You had 14 spell levels left.
You didn't know any spells.
Your spell library contained the following spells:

 Spells                   Type           Power      Damage    Failure   Level
 Magic Dart               Conj           24%        1d4       99%         1
 Slow                     Hex            24%        N/A       99%         1
 Call Imp                 Summ           6%         N/A       100%        2
 Searing Ray              Conj           12%        2d4       100%        2
 Static Discharge         Conj/Air       6%         N/A       100%        2
 Confusing Touch          Hex            6%         N/A       100%        3
 Mephitic Cloud           Conj/Pois/Air  6%         N/A       100%        3
 Swiftness                Air            6%         N/A       100%        3
 Tukima's Dance           Hex            6%         N/A       100%        3
 Vampiric Draining        Necr           6%         2d6       100%        3
 Fulminant Prism          Conj/Hex       3%         3d6       100%        4
 Passage of Golubria      Tloc           6%         N/A       100%        4
 Silence                  Hex/Air        3%         N/A       100%        5
 Yara's Violent Unravell  Hex/Tmut       3%         3d4       100%        5


Dungeon Overview and Level Annotations

Branches:
Dungeon (6/15)             Temple (1/1) D:5

Altars:
Ashenzari
Cheibriados
Dithmenos
Elyvilon
Gozag
Hepliaklqana
Kikubaaqudgha
Makhleb
Nemelex Xobeh
Okawaru
Qazlal
Ru
Sif Muna
Trog
Uskayaw
Vehumet
Wu Jian
Xom
Yredelemnul
Zin
The Shining One

Shops:
D:1 (   D:5 [

Annotations:
D:6 2 transporters, Vomitron's ghost, novice DsGl


Innate Abilities, Weirdness & Mutations

You have very sharp teeth.
Your uncanny sense of smell can sniff out nearby items.
Your experience applies equally to all skills.


Message History

The centaur is moderately wounded.
The centaur hits you but does no damage.
The centaur closely misses you.
You hit the centaur but do no damage.
The centaur is heavily wounded.
The centaur hits you but does no damage.
The centaur barely misses you.
You hit the centaur.
The centaur looks as sick as possible!
You bite the centaur.
The centaur is severely wounded.
The centaur completely misses you.
The centaur kicks you but does no damage.
You hit the centaur.
The centaur looks as sick as possible!
You bite the centaur, but do no damage.
The centaur is almost dead.
You kill the centaur!
The orc throws a silver boomerang.
The silver boomerang barely misses you.
A centaur skeleton comes into view.
The orc hits you but does no damage.
A black bear comes into view.
Things that are here:
a +0 shortbow; 23 arrows; 14 gold pieces You hit the orc.
The orc is poisoned.
The orc is almost dead.
The orc completely misses you.
You hit the orc.
You kill the orc!
You hit the two-headed ogre.
The two-headed ogre is lightly wounded.
The two-headed ogre hits you with a +0 giant club.
The two-headed ogre hits you with a +0 giant club!
* * * LOW HITPOINT WARNING * * *
You hit the two-headed ogre.
The two-headed ogre is poisoned.
The two-headed ogre is lightly wounded.
You hit the two-headed ogre.
The two-headed ogre looks as sick as possible!
The two-headed ogre is lightly wounded.
The two-headed ogre hits you with a +0 giant club!!
You die...
Your body disappears without a glow.

#.##...# ### #..o... #..#...#.
#.##...#...# #....#######.#.#.#.
#.##...#...#####''##.............
#.##.......+...#..########.#.#.##
#.##.......#....h................
#.##.......###.#.#########.######
...........# #.#Z# #.......
####.......# #.#O# ########
##.......###.#@# #.........##.#.#
#............#.# #.###.....####.#
#.#........# #.# #.#.#.#.#..# #.#
#.#.###.#..###.# #.#.........##.#
#.#####.##..##.#


You could see a two-headed ogre (extremely poisoned), a black bear and a centaur
skeleton.

Vanquished Creatures
  Sigmund (D:6)
  2 ogres
  A sky beast (D:5)
  An ice beast (D:6)
  A centaur (D:6)
  3 phantoms
  3 scorpions
  2 orc priests
  A hound (D:4)
  3 iguanas
  Terence (D:2)
  A hound skeleton (D:5)
  Robin (D:2)
  3 gnolls (D:4)
  8 adders
  2 shadow imps (D:6)
  A white imp (D:6)
  An adder zombie (D:5)
  5 worms
  A dart slug (D:1)
  10 orcs
  5 ball pythons
  7 bats
  9 endoplasms
  3 giant cockroaches
  21 goblins
  7 hobgoblins
  2 jackals (D:5)
  3 quokkas
  6 frilled lizards
  4 kobolds
  2 rats
121 creatures vanquished.

Vanquished Creatures (others)
  8 plants (D:3)
8 creatures vanquished.

Grand Total: 129 creatures vanquished

Notes
Turn   | Place    | Note
-------+----------+-------------------------------------------
     0 | D:1      | eustatius the Gnoll Wanderer began the quest for the Orb.
     0 | D:1      | eustatius set off with the following items: a +0 club, a
                  | scroll of teleportation, a potion of lignification, a +2
                  | scale mail
     0 | D:1      | Reached XP level 1. HP: 23/23 MP: 1/1
   118 | D:1      | Reached XP level 2. HP: 29/29 MP: 2/2
   447 | D:1      | Found Jeepot's Weapon Shoppe.
  1057 | D:1      | Reached XP level 3. HP: 35/35 MP: 3/3
  1167 | D:2      | Found a hide-covered altar of Uskayaw.
  1356 | D:2      | Noticed Robin
  1389 | D:2      | Killed Robin
  1390 | D:2      | Reached skill level 1 in Invocations
  1410 | D:2      | Reached skill level 1 in Short Blades
  1410 | D:2      | Reached skill level 1 in Long Blades
  1410 | D:2      | Reached skill level 1 in Axes
  1410 | D:2      | Reached skill level 1 in Maces & Flails
  1410 | D:2      | Reached skill level 1 in Polearms
  1410 | D:2      | Reached skill level 1 in Staves
  1410 | D:2      | Reached skill level 1 in Slings
  1410 | D:2      | Reached skill level 1 in Bows
  1410 | D:2      | Reached skill level 1 in Crossbows
  1410 | D:2      | Reached skill level 1 in Throwing
  1410 | D:2      | Reached skill level 1 in Stealth
  1410 | D:2      | Reached skill level 1 in Shields
  1410 | D:2      | Reached skill level 1 in Spellcasting
  1850 | D:2      | Noticed Terence
  1887 | D:2      | Killed Terence
  1888 | D:2      | Reached XP level 4. HP: 13/41 MP: 5/5
  2511 | D:3      | Got the Handbook of Flight
  2528 | D:3      | Found a faded altar of an unknown god.
  2540 | D:3      | Reached skill level 1 in Conjurations
  2540 | D:3      | Reached skill level 1 in Hexes
  2540 | D:3      | Reached skill level 1 in Summonings
  2540 | D:3      | Reached skill level 1 in Necromancy
  2540 | D:3      | Reached skill level 1 in Translocations
  2540 | D:3      | Reached skill level 1 in Transmutations
  2540 | D:3      | Reached skill level 1 in Fire Magic
  2540 | D:3      | Reached skill level 1 in Ice Magic
  2540 | D:3      | Reached skill level 1 in Air Magic
  2540 | D:3      | Reached skill level 1 in Earth Magic
  2540 | D:3      | Reached skill level 1 in Poison Magic
  2758 | D:3      | Reached XP level 5. HP: 41/47 MP: 6/6
  3305 | D:3      | Prayed at the altar of an unknown god.
  3305 | D:3      | Became a worshipper of Sif Muna the Loreminder
  3305 | D:3      | Reached * piety under Sif Muna
  3585 | D:4      | Noticed an ogre
  3610 | D:4      | Killed an ogre
  3611 | D:4      | Reached XP level 6. HP: 23/53 MP: 8/8
  3812 | D:4      | Reached skill level 5 in Unarmed Combat
  3939 | D:4      | Reached ** piety under Sif Muna
  4536 | D:5      | Entered Level 5 of the Dungeon
  4537 | D:5      | Found a staircase to the Ecumenical Temple.
  4600 | D:5      | Reached XP level 7. HP: 31/60 MP: 10/10
  5245 | Temple   | Entered the Ecumenical Temple
  5386 | Temple   | Fell from the grace of Sif Muna
  5386 | Temple   | Became a worshipper of Nemelex Xobeh the Trickster
  5704 | D:5      | Found Weel's Armour Shop.
  5896 | D:5      | Reached XP level 8. HP: 62/67 MP: 12/12
  5939 | D:5      | Identified the +3 ring mail of Ziasom {Int+4}
  6329 | D:6      | Noticed Vomitron's ghost (novice DsGl)
  6331 | D:6      | Found a transporter.
  6346 | D:6      | Found a transporter.
  6603 | D:6      | Reached * piety under Nemelex Xobeh
  6648 | D:6      | Noticed Sigmund
  6667 | D:6      | Killed Sigmund
  7004 | D:6      | Noticed a two-headed ogre
  7045 | D:6      | Mangled by a two-headed ogre

Illustrated notes

Levels and vault maps discovered:
D:1:      saegor_arrival_simple_b, layout_basic, serial_shops,
          nicolae_shop_crystal, serial_glass, glass_columns_b, glass_columns_a,
          glass_columns_c, glass_columns_b
D:2:      layout_loops_cross, basic_altar, kennysheep_cross_bottleneck,
          minivault_4, uniq_robin, uniq_terence
D:3:      layout_loops_ring, serial_bayou, serial_bayou_shore_b,
          serial_bayou_pond_e, serial_bayou_crossing, serial_bayou_lagoon_b,
          serial_bayou_ford_a, basic_ecumenical_altar
D:4:      layout_basic, hangedman_minor_gate_pass
D:5:      layout_gridville, minmay_temple_entry_arrows, serial_shops, shop_coins
D:6:      minmay_polygon_palace, layout_basic, gammafunk_ghost_arena,
          uniq_sigmund
Temple:   mainiacjoe_temple_hex_bubbles

Skill      XL: |  1  2  3  4  5  6  7  8 |
---------------+-------------------------+-----
Invocations    | 1 2 3 |  3.9
Short Blades   | 1 2 3 |  3.5
Long Blades    | 1 2 3 |  3.5
Axes           | 1 2 3 |  3.5
Maces & Flails | 1 2 3 |  3.5
Polearms       | 1 2 3 |  3.5
Staves         | 1 2 3 |  3.5
Slings         | 1 2 3 |  3.5
Bows           | 1 2 3 |  3.5
Crossbows      | 1 2 3 |  3.5
Throwing       | 1 2 3 |  3.5
Stealth        | 1 2 3 |  3.5
Shields        | 1 2 3 |  3.5
Spellcasting   | 1 2 3 |  3.5
Conjurations   | 1 2 |  2.9
Hexes          | 1 2 |  2.9
Summonings     | 1 2 |  2.9
Necromancy     | 1 2 |  2.9
Translocations | 1 2 |  2.9
Transmutations | 1 2 |  2.9
Fire Magic     | 1 2 |  2.9
Ice Magic      | 1 2 |  2.9
Air Magic      | 1 2 |  2.9
Earth Magic    | 1 2 |  2.9
Poison Magic   | 1 2 |  2.9
Dodging        | 3 4 |  4.4
Evocations     | 3 4 |  4.4
Unarmed Combat | 5 |  5.8
Fighting       | 7 |  7.5
Armour         | 7 |  7.5

Action                   |  1- 3 |  4- 6 |  7- 9 || total
-------------------------+-------+-------+-------++-------
Melee: Dagger            |   115 |   199 |   193 ||   507
       Bite              |    14 |    24 |    30 ||    68
       Punch             |     3 |     3 |     5 ||    11
Armor: Scale mail        |    58 |   105 |    14 ||   177
       Plate armour      |       |       |   105 ||   105
Dodge: Dodged            |    63 |   121 |    58 ||   242

Table legend: (Time is in decaauts)
 A = Elapsed time spent in this place.
 B = Non-inter-level travel time spent in this place.
 C = Inter-level travel time spent in this place.
 D = Time resting spent in this place.
 E = Time spent auto-exploring this place.
 F = Levels seen in this place.
 G = Mean time per level.
                   A        B        C        D        E       F      G
               +--------+--------+--------+--------+--------+-----+--------+
         Total |   7008 |   6134 |    874 |    244 |   3772 |   7 | 1001.1 |
       Dungeon |   6636 |   5923 |    713 |    144 |   3772 |   6 | 1106.0 |
        Temple |    371 |    210 |    161 |    100 |      0 |   1 |  371.0 |
               +--------+--------+--------+--------+--------+-----+--------+

Top non-repeatable levels by time:
     D:2: 1341 daAuts
     D:5: 1327 daAuts
     D:4: 1203 daAuts
     D:1: 1152 daAuts
     D:3: 831 daAuts
     D:6: 779 daAuts
  Temple: 371 daAuts
